 Dungeon Crawl Stone Soup version 0.22-a0-49-g614aadd (webtiles) character file.

195 gmonis the Firebug (level 5, -2/38 HPs)
             Began as a Draconian Fire Elementalist on Jan 8, 2018.
             Slain by an adder (4 damage)
             ... on level 3 of the Dungeon.
             The game lasted 00:14:30 (3401 turns).

gmonis the Firebug (Draconian Fire Elementalist)    Turns: 3401, Time: 00:14:31

Health: -2/38      AC: 11    Str: 10    XL:     5   Next: 45%
Magic:  1/8        EV: 11    Int: 17    God:
Gold:   201        SH:  5    Dex: 11    Spells: 0/8 levels left

rFire    . . .     SeeInvis .   (no weapon)
rCold    . . .     Gourm    .   t - +2 buckler
rNeg     . . .     Faith    .   (armour unavailable)
rPois    .         Spirit   .   (helmet restricted)
rElec    .         Reflect  .   (no cloak)
rCorr    .         Harm     .   (no gloves)
MR       .....                  i - +0 pair of boots
Stlth    ++........             (no amulet)
HPRegen  0.12/turn              g - +5 ring of protection
MPRegen  0.11/turn              (no ring)

@: no status effects
A: unfitting armour, cold-blooded, AC +5
a: no special abilities


You were on level 3 of the Dungeon.
You were very hungry.

You visited 1 branch of the dungeon, and saw 3 of its levels.
You also visited: Sewer.

You collected 201 gold pieces.

Inventory:

Missiles
 d - 54 stones (quivered)
Armour
 i - a +0 pair of boots (worn)
 m - a +0 buckler
 t - a +2 buckler (worn)
Jewellery
 g - a +5 ring of protection (left hand)
Scrolls
 c - 3 scrolls of teleportation
 e - a scroll of random uselessness {unknown}
 f - 4 scrolls of identify {unknown}
 h - a scroll of amnesia {unknown}
 l - a scroll of remove curse {unknown}
 n - a scroll of enchant armour {unknown}
 q - a scroll of noise {unknown}
Potions
 j - a potion of curing {unknown}
 k - a potion of mutation {unknown}
 o - a potion of agility {unknown}
 p - a potion of cancellation {unknown}
 r - 3 potions of flight {unknown}
 s - a potion of might {unknown}
Books
 a - a book of Flames

   Spells                             Type                      Level
   a - Flame Tongue                   Conjuration/Fire             1
   b - Throw Flame                    Conjuration/Fire             2
   c - Conjure Flame                  Conjuration/Fire             3
   d - Inner Flame                    Hexes/Fire                   3
   e - Sticky Flame                   Conjuration/Fire             4
   f - Fireball                       Conjuration/Fire             5
Comestibles
 b - 6 rations


   Skills:
 - Level 1.8 Dodging
 - Level 1.8 Stealth
 + Level 2.4 Spellcasting
 * Level 3.0 Conjurations
 * Level 5.1 Fire Magic


You couldn't memorise any spells.
You knew the following spells:

 Your Spells              Type           Power        Failure   Level  Hunger
a - Flame Tongue          Conj/Fire      ###..        6%          1    #......
b - Conjure Flame         Conj/Fire      ###.....     17%         3    ###....
c - Sticky Flame          Conj/Fire      ###.....     50%         4    #####..


Dungeon Overview and Level Annotations

Branches:
Dungeon (3/15)

Altars:
Fedhas
Ru
Yredelemnul

Annotations:
D:2 Grinder
D:3 Kidiri's ghost, weakling MiFi


Innate Abilities, Weirdness & Mutations

Your plain brown scales are hard. (AC +5)
You cannot fit into any form of body armour.
You are cold-blooded and may be slowed by cold attacks.


Message History

Confirm with . or Enter, or press ? or * to list all spells.
Aiming: Flame Tongue
Press: ? - help, Shift-Dir - straight line, f/p - bat
Aim: a bat The flame tongue hits the bat.
The bat is moderately wounded.
The bat hits you but does no damage. The bat misses you.
Kidiri's ghost hits you!
* * * LOW HITPOINT WARNING * * *
An adder comes into view.
The bat hits you but does no damage.
The hobgoblin hits you but does no damage.
The bat barely misses you. The bat hits you but does no damage.
The adder hisses angrily.
The bat barely misses you. The bat barely misses you.
The bat hits you but does no damage. You block the adder's attack.
The adder bites you.
You die...

####.######
#.........#
#.........##
#.......)..####
#..............
#..........####
#..?..........##
###########...g######
#..bWS@...#
#.........#
#.........#
#.........#
#.........#
#.........#
###########


You could see Kidiri's ghost, an adder, a hobgoblin and a bat.

Vanquished Creatures
  An orc priest (D:3)
  Jessica (D:2)
  2 adders
  6 oozes
  6 worms
  3 dart slugs
  2 leopard geckos (Sewer)
  2 orcs
  5 giant cockroaches
  5 goblins
  7 hobgoblins
  4 jackals (Sewer)
  A quokka (D:2)
  3 ball pythons
  7 bats
  2 frilled lizards
  8 kobolds
  6 rats
  A spectral orc (D:2)
72 creatures vanquished.

Notes
Turn   | Place    | Note
-------+----------+-------------------------------------------
     0 | D:1      | gmonis the Draconian Fire Elementalist began the quest for the Orb.
     0 | D:1      | Reached XP level 1. HP: 14/14 MP: 3/3
   363 | D:1      | Reached XP level 2. HP: 20/20 MP: 3/5
  1485 | D:2      | Reached XP level 3. HP: 26/26 MP: 3/6
  1498 | D:2      | Reached skill level 4 in Fire Magic
  1571 | D:2      | Found a blossoming altar of Fedhas.
  1627 | D:2      | Found a sacrificial altar of Ru.
  1771 | D:2      | Noticed Jessica
  1776 | D:2      | Killed Jessica
  1778 | D:2      | Reached XP level 4. HP: 32/33 MP: 1/7
  1994 | D:2      | Learned a level 3 spell: Conjure Flame
  2124 | D:2      | Found a basalt altar of Yredelemnul.
  2195 | D:3      | Noticed Grinder
  2445 | D:3      | Found a glowing drain.
  2534 | D:3      | Reached XP level 5. HP: 38/38 MP: 0/8
  2560 | Sewer    | Entered a sewer
  2939 | Sewer    | Reached skill level 5 in Fire Magic
  2949 | Sewer    | Learned a level 4 spell: Sticky Flame
  3323 | D:3      | Paralysed by Grinder for 7 turns
  3340 | D:3      | Paralysed by Grinder for 5 turns
  3384 | D:3      | Noticed Kidiri's ghost (weakling MiFi)
  3394 | D:3      | HP: 1/38 [Kidiri's ghost (10)]
  3401 | D:3      | Slain by an adder

Vault maps used:
D:1:      evilmike_arrival_run_for_it
D:2:      fedhas_altar_2, old_standard_altar,
          yredelemnul_forgotten_temple_becter, uniq_jessica
D:3:      gammafunk_temple_overflow_statue, portal_sewer_entry_b,
          xom_redecorated, uniq_terence, uniq_grinder
Sewer:    sewer_fruit_machine

Skill      XL: |  1  2  3  4  5 |
---------------+----------------+-----
Fire Magic     | 4 5 |  5.1
Conjurations   | 2 3 |  3.0
Dodging        | |  1.8
Stealth        | |  1.8
Spellcasting   | |  2.4

Action                   |  1- 3 |  4- 6 || total
-------------------------+-------+-------++-------
Melee: Unarmed           |    12 |    14 ||    26
       Tailslap          |     3 |     3 ||     6
 Cast: Flame Tongue      |    56 |    86 ||   142
  Use: Scroll            |       |     1 ||     1
  Eat: Chunk             |     1 |     5 ||     6
       Ration            |     1 |       ||     1
Armor: Skin              |     4 |    78 ||    82
Dodge: Dodged            |    17 |    89 ||   106
Block: Buckler           |       |    16 ||    16

Table legend:
 A = Spawn XP
 B = Non-spawn XP
 C = Spawn XP percentage of total XP
 D = Spawn monster count
 E = Non-spawn monster count
 F = Spawn count percentage of total count
 G = Total turns spent on level
                    A         B        C        D         E        F      G
               +---------+---------+-------+---------+---------+-------+---------
         Total |       0 |     279 |   0.0 |       0 |      72 |   0.0 |  3401
               +---------+---------+-------+---------+---------+-------+---------
           D:1 |       0 |      37 |   0.0 |       0 |      18 |   0.0 |  1449
           D:2 |       0 |      86 |   0.0 |       0 |      19 |   0.0 |  1019
           D:3 |       0 |      78 |   0.0 |       0 |      13 |   0.0 |   183
         Sewer |       0 |      78 |   0.0 |       0 |      22 |   0.0 |   750
               +---------+---------+-------+---------+---------+-------+---------
